Map: Oxide LE

Players

Astrea - Winner!

  • Race: Protoss Protoss
  • League: Master
  • Spawn Location: 1:00

LiquidMaNa (MaNa)

  • Race: Protoss Protoss
  • League: Master
  • Spawn Location: 7:00

Event: Cheeseadelphia Winter Championship 2021

VOD

Have the link to the VOD?

Description

Time

  • Played on: Jan. 23, 2021, 5:49 p.m.
  • Length: 14:27

All games in this series

Show
View Real Time Build Order
Export as new Build Order

Astrea Protoss - Winner!

Build Orders:  

Get SALT Encoding   

  12  0:00  Probe  
  13  0:12  Probe  
  14  0:18  Pylon  
  14  0:24  Probe (Chrono Boost)  
  15  0:36  Probe (Chrono Boost)  
  15  0:38  Gateway  
  16  0:44  Probe (Chrono Boost)  
  16  0:47  Assimilator  
  17  0:51  Probe  
  18  1:03  Probe  
  19  1:08  Assimilator, Pylon  
  19  1:15  Probe  
  20  1:25  Cybernetics Core  
  20  1:27  Probe  
  23  1:39  Probe  
  24  1:51  Probe  
  25  1:58  Nexus  
  23  2:01  Stalker (Chrono Boost)  
  26  2:15  Pylon  
  26  2:17  Warp Gate (Chrono Boost)  
  26  2:26  Gateway  
  25  2:33  Probe  
  25  2:36  Sentry  
  28  2:41  Gateway  
  28  2:46  Probe  
  29  2:54  Gateway  
  29  2:58  Probe  
  29  3:06  Pylon  
  29  3:10  Probe x2  
  31  3:15  Stalker  
  31  3:17  Shield Battery  
  33  3:22  Probe  
  33  3:24  Probe  
  35  3:31  Pylon  
  35  3:34  Probe  
  35  3:36  Probe  
  37  3:49  Pylon  
  37  3:53  Pylon  
  37  3:54  Probe x2  
  39  4:02  Adept x3  
  45  4:06  Probe  
  45  4:08  Probe  
  41  4:19  Probe  
  41  4:21  Probe (Chrono Boost)  
  41  4:22  Twilight Council  
  43  4:27  Stalker x3  
  49  4:33  Probe (Chrono Boost)  
  49  4:36  Probe (Chrono Boost)  
  50  4:41  Probe (Chrono Boost)  
  50  4:44  Probe (Chrono Boost)  
  52  4:47  Probe  
  52  4:52  Sentry x2  
  55  4:55  Probe  
  55  4:59  Blink (Chrono Boost), Nexus  
  58  5:00  Probe  
  58  5:01  Pylon  
  57  5:07  Probe  
  57  5:12  Probe  
  59  5:16  Stalker  
  59  5:19  Probe  
  58  5:24  Probe  
  59  5:29  Adept x2  
  59  5:32  Assimilator  
  59  5:33  Probe  
  64  5:36  Probe  
  63  5:45  Probe  
  63  5:49  Probe  
  65  5:51  Stalker  
  65  5:52  Robotics Facility  
  65  5:57  Probe  
  65  5:59  Shield Battery  
  65  6:02  Stalker x2, Pylon  
  70  6:10  Pylon  
  72  6:11  Probe x2  
  72  6:12  Probe, Forge  
  72  6:14  Pylon  
  72  6:15  Stalker  
  75  6:23  Probe x2  
  75  6:24  Probe  
  78  6:30  Stalker x2  
  82  6:36  Gateway x2  
  82  6:37  Charge  
  82  6:38  Gateway  
  82  6:43  Observer  
  83  6:49  Gateway  
  83  6:50  Protoss Ground Weapons Level 1 (Chrono Boost)  
  83  6:51  Gateway  
  83  7:06  Stalker  
  83  7:08  Nexus  
  83  7:10  Pylon  
  83  7:13  Warp Prism  
  85  7:18  Observer  
  79  7:31  Stalker x4  
  79  7:32  Zealot  
  79  7:35  Shield Battery  
  89  7:37  Zealot  
  89  7:38  Shield Battery  
  89  7:40  Probe  
  89  7:41  Probe x2  
  89  7:43  Pylon  
  94  7:47  Gateway  
  94  7:49  Gateway  
  94  7:50  Sentry, Zealot  
  98  7:53  Probe x3  
  101  7:59  Stalker x2, Zealot  
  101  8:00  Zealot  
  101  8:05  Probe x3  
  112  8:08  Zealot x2  
  114  8:15  Stalker  
  114  8:17  Probe  
  116  8:20  Probe  
  116  8:22  Zealot x4  
  120  8:28  Zealot x3  
  126  8:35  Photon Cannon  
  126  8:36  Warp Prism (Chrono Boost)  
  128  8:42  Zealot x2  
  128  8:48  Protoss Ground Weapons Level 2 (Chrono Boost), Observer  
  128  8:52  Probe x2  
  128  8:53  Probe x2  
  128  8:54  Pylon  
  128  8:55  Pylon  
  132  8:56  Pylon  
  132  8:57  Pylon  
  132  9:12  Observer (Chrono Boost)  
  133  9:19  Stalker  
  133  9:20  Stalker x6  
  133  9:21  Zealot x3  
  151  9:30  Pylon  
  151  9:31  Pylon  
  151  9:32  Pylon  
  151  9:42  Zealot x5, Nexus  
  151  9:43  Zealot x2  
  155  9:45  Zealot  
  155  9:48  Zealot  
  155  9:49  Zealot  
  119  10:05  Zealot x7  
  123  10:07  Zealot  
  123  10:13  Zealot x2  
  129  10:19  Observer  
  129  10:28  Sentry x3  
  131  10:29  Zealot  
  131  10:30  Zealot x4  
  131  10:34  Probe x4  
  149  10:35  Pylon  
  149  10:42  Zealot x2  
  153  10:46  Probe x4  
  157  10:51  Zealot x8  
  157  10:56  Protoss Ground Weapons Level 3 (Chrono Boost)  
  172  10:58  Probe x3  
  172  10:59  Probe  
  173  11:07  Zealot x2  
  173  11:09  Probe  
  174  11:12  Zealot x3  
  180  11:20  Zealot x4  
  180  11:22  Zealot  
  190  11:29  Shield Battery, Observer, Photon Cannon  
  190  11:31  Pylon  
  190  11:33  Photon Cannon  
  190  11:46  Robotics Bay  
  190  11:48  Zealot x5  
  190  11:49  Robotics Facility x2  
  192  11:57  Assimilator  
  192  11:58  Assimilator  
  192  11:59  Zealot x5  
  192  12:12  Stalker x5  
  188  12:25  Probe x5  
  161  12:35  Zealot x10, Disruptor x2 (Chrono Boost)  
  161  12:36  Disruptor (Chrono Boost)  
  163  12:37  Probe x2  
  159  12:59  Photon Cannon x2  
  159  13:07  Disruptor x2  
  159  13:08  Observer  
  159  13:10  Zealot x10  
  185  13:23  Gateway x2  
  185  13:25  Disruptor  
  188  13:38  Zealot x7  
  164  13:57  Zealot x3  
  164  13:58  Zealot x7  
  150  14:21  Nexus  
Show
View Real Time Build Order
Export as new Build Order

LiquidMaNa Protoss 

Build Orders: Phoenix Opening 

Get SALT Encoding   

  12  0:00  Probe  
  13  0:12  Probe  
  14  0:20  Pylon  
  14  0:24  Probe  
  15  0:38  Gateway, Probe (Chrono Boost)  
  16  0:47  Assimilator, Probe (Chrono Boost)  
  17  0:52  Probe (Chrono Boost)  
  18  1:05  Probe (Chrono Boost)  
  18  1:06  Assimilator  
  18  1:07  Pylon  
  19  1:13  Probe (Chrono Boost)  
  20  1:19  Probe  
  21  1:26  Cybernetics Core  
  21  1:31  Probe  
  21  1:32  Zealot  
  24  1:43  Probe  
  25  1:55  Probe  
  26  2:03  Stargate  
  26  2:04  Warp Gate  
  26  2:07  Probe  
  27  2:12  Stalker  
  27  2:14  Pylon  
  29  2:20  Probe  
  29  2:33  Probe  
  30  2:45  Probe  
  30  2:46  Phoenix (Chrono Boost)  
  30  2:47  Stalker  
  35  2:58  Probe  
  36  3:05  Phoenix (Chrono Boost)  
  38  3:14  Nexus  
  38  3:20  Pylon  
  38  3:23  Probe  
  39  3:38  Phoenix, Probe  
  42  3:52  Sentry, Shield Battery, Probe  
  42  3:55  Gateway  
  45  4:04  Probe  
  46  4:18  Pylon  
  46  4:25  Phoenix  
  46  4:28  Probe x2  
  46  4:29  Sentry  
  52  4:36  Twilight Council  
  52  4:40  Probe x2  
  54  4:50  Phoenix  
  54  4:52  Probe x2  
  58  4:54  Forge  
  58  4:57  Assimilator  
  58  5:03  Charge  
  58  5:04  Probe x2  
  58  5:16  Probe x2  
  60  5:23  Protoss Ground Weapons Level 1 (Chrono Boost)  
  60  5:27  Phoenix  
  62  5:28  Probe x2  
  62  5:32  Zealot x2  
  66  5:40  Pylon, Probe  
  66  5:41  Probe  
  67  5:53  Probe  
  68  5:57  Phoenix  
  68  5:58  Pylon  
  68  5:59  Pylon  
  68  6:00  Zealot x2  
  68  6:02  Gateway  
  74  6:05  Probe  
  74  6:09  Gateway x2  
  75  6:14  Probe  
  75  6:17  Probe  
  77  6:20  Zealot x2  
  77  6:25  Nexus  
  81  6:27  Photon Cannon  
  81  6:31  Phoenix  
  83  6:38  Probe x2  
  85  6:40  Robotics Facility  
  85  6:46  Zealot x2  
  89  6:52  Probe x2  
  91  6:58  Phoenix  
  93  7:05  Pylon  
  93  7:08  Pylon  
  93  7:10  Shield Battery  
  93  7:14  Protoss Ground Weapons Level 2 (Chrono Boost)  
  93  7:18  Probe  
  93  7:22  Probe  
  93  7:23  Phoenix  
  91  7:30  Phoenix  
  91  7:32  Zealot x5  
  91  7:33  Probe  
  91  7:34  Probe  
  105  7:39  Observer  
  106  7:45  Probe  
  107  7:54  Zealot x3  
  107  7:55  Gateway x2  
  113  8:00  Phoenix  
  113  8:02  Zealot  
  113  8:03  Zealot  
  119  8:15  Zealot x3  
  125  8:26  Zealot x2  
  121  8:32  Phoenix  
  121  8:35  Gateway  
  121  8:36  Assimilator  
  121  8:37  Zealot x2  
  125  8:42  Pylon  
  125  8:46  Pylon  
  125  8:47  Pylon  
  123  8:53  Zealot x2  
  125  8:56  Nexus  
  125  8:57  Pylon  
  125  9:01  Zealot x2  
  129  9:04  Immortal (Chrono Boost)  
  133  9:12  Zealot x2  
  137  9:18  Zealot x3  
  137  9:22  Zealot  
  144  9:24  Zealot  
  146  9:34  Zealot x3  
  152  9:44  Zealot x4  
  120  10:03  Zealot x4  
  120  10:04  Zealot x4  
  120  10:06  Blink (Chrono Boost)  
  128  10:14  Observer, Protoss Ground Weapons Level 3 (Chrono Boost)  
  129  10:16  Probe x3 (Chrono Boost)  
  129  10:19  Probe (Chrono Boost)  
  133  10:26  Sentry  
  133  10:27  Sentry x2, Probe x2 (Chrono Boost)  
  141  10:33  Stalker  
  141  10:34  Stalker  
  145  10:36  Stalker  
  145  10:39  Observer  
  145  10:41  Stalker  
  150  10:43  Stalker  
  150  10:47  Photon Cannon  
  150  10:49  Oracle (Chrono Boost)  
  155  11:02  Zealot x5  
  148  11:22  Robotics Bay, Robotics Facility  
  148  11:24  Probe  
  149  11:28  Nexus  
  149  11:38  Assimilator  
  149  11:46  Templar Archives, Probe x2  
  149  11:47  Probe  
  142  11:58  Probe  
  142  11:59  Probe x2  
  142  12:00  Zealot x2  
  140  12:10  Probe  
  140  12:11  Probe x2  
  140  12:12  Disruptor (Chrono Boost)  
  138  12:19  Zealot x5  
  138  12:22  Disruptor (Chrono Boost)  
  147  12:23  Probe x2  
  147  12:29  Zealot x3  
  133  12:34  Probe  
  128  12:42  Probe x2  
  123  12:45  Disruptor (Chrono Boost)  
  123  12:46  Probe  
  123  12:50  Disruptor (Chrono Boost)  
  115  12:54  High Templar x2  
  115  12:55  High Templar  
  115  12:56  High Templar  
  120  12:58  Archon  
  120  13:00  Archon  
  120  13:03  Zealot, Photon Cannon, High Templar x2  
  120  13:04  Zealot  
  126  13:08  Archon  
  124  13:20  Disruptor  
  125  13:36  Zealot x8  
  96  14:09  Zealot x6  
Tags
 
Add a new tag
Caveats
  • Supply blocks, unpowered buildings, or Contaminate may cause inaccurate times.
  • Supply counts are checked every 10 seconds.